 Dungeon Crawl Stone Soup version 0.30-a0-883-g5ad918d77d (webtiles) character file.

Game seed: 6980939604569446657

197 ders the Magician (level 6, -1/40 HPs)
             Began as a Djinni Conjurer on Mar 17, 2023.
             Slain by a hound (4 damage)
             ... on level 4 of the Dungeon.
             The game lasted 00:03:20 (2605 turns).

ders the Magician (Djinni Conjurer)                 Turns: 2605, Time: 00:03:20

Health: -1/40      AC:  2    Str:  6    XL:     6   Next: 5%
Gold:   150        EV: 12    Int: 21    God:
                   SH:  0    Dex: 12

rFire   + + .      SeeInvis .    (no weapon)
rCold   x . .      Faith    .    (no shield)
rNeg    . . .      Spirit   .    a - +0 robe
rPois   ∞          Reflect  .    (no helmet)
rElec   .          Rampage  .    (no cloak)
rCorr   .                        (no gloves)
Will    .....                    (boots unavailable)
Stlth   ++                       (no amulet)
HPRegen 0.26/turn                j - ring of wizardry
MPRegen 0.00/turn                (no ring)

@: flying, invisible
A: sickness immunity, fire resistance 2, cold vulnerability 1, float, innate
caster, HP casting, extra vitality 1
a: no special abilities


You were on level 4 of the Dungeon.
You visited 1 branch of the dungeon, and saw 4 of its levels.

You collected 150 gold pieces.

Inventory:

Armour
 a - a +0 robe (worn)
Jewellery
 j - a ring of wizardry (left hand)
 k - a +5 ring of evasion
Wands
 o - a wand of light (8)
 r - a wand of charming (10)
Scrolls
 b - 3 scrolls of teleportation {unknown}
 e - a scroll of identify {unknown}
 g - a scroll of poison {unknown}
 h - 2 scrolls of immolation {unknown}
 i - a scroll of vulnerability {unknown}
 n - 2 scrolls of noise {unknown}
 q - a scroll of magic mapping {unknown}
Potions
 c - a potion of lignification {unknown}
 f - a potion of might {unknown}
 l - 2 potions of resistance {unknown}
 m - 2 potions of attraction {unknown}
 p - a potion of curing {unknown}


   Skills:
 - Level 2.1 Dodging
 - Level 1.5 Stealth
 + Level 5.3 Spellcasting


You knew the following spells:

 Your Spells              Type           Power      Damage    Failure   Level
a - Magic Dart            Conj           100%       1d8       1%          1
b - Searing Ray           Conj           56%        2d6       1%          2
c - Dazzling Flash        Conj/Hex       56%        N/A       1%          3
d - Fulminant Prism       Conj/Hex       14%        3d9       4%          4
e - Iskenderun's Mystic   Conj/Tloc      28%        2d7       4%          4
f - Foxfire               Conj/Fire      100%       2x1d9     1%          1
g - Lesser Beckoning      Tloc           56%        N/A       1%          2
Your spell library was empty.

Dungeon Overview and Level Annotations

Branches:
Dungeon (4/15)
 Temple: D:4-7

Altars:

Shops:
D:2 [

Annotations:
D:4 Edmund


Innate Abilities, Weirdness & Mutations

You are immune to sickness and miasma.
You are immune to poison.
Your flesh is very heat resistant. (rF++)
You are vulnerable to cold. (rC-)
You float through the air rather than walking.
You learn spells naturally, not from books.
Your magical power is your life essence.
You have superior vitality. (+4 MHP)


Message History

Casting: Searing Ray (safe; 1% risk of failure)
Confirm with . or Enter, or press ? or * to list all spells.
You erupt in a blast of force!
The mystic blast hits Edmund.
Edmund is almost dead.
Edmund is knocked back by the mystic blast.
Casting: Iskenderun's Mystic Blast (dangerous; 4% risk of failure)
Confirm with . or Enter, or press ? or * to list all spells.
Aiming: Searing Ray (safe; 1% risk of failure)
Press: ? - help, Shift-Dir - straight line, f/p - Edmund
Aim: Edmund, wielding a +4 flail of protection and wearing a +0 leather armour (almost dead, 79% to hit)
The searing ray hits Edmund.
Edmund is almost dead. (Press . to maintain the ray.)
* * * LOW HITPOINT WARNING * * *
Unknown command.
Casting: Searing Ray (safe; 1% risk of failure)
Confirm with . or Enter, or press ? or * to list all spells.
You erupt in a blast of force!
The mystic blast hits Edmund but does no damage.
Edmund is almost dead.
* * * LOW HITPOINT WARNING * * *
Edmund hits you with a +4 flail of protection.
* * * LOW HITPOINT WARNING * * *
A dart slug comes into view.
A hound comes into view.
Casting: Iskenderun's Mystic Blast (dangerous; 4% risk of failure)
Confirm with . or Enter, or press ? or * to list all spells.
You erupt in a blast of force!
The mystic blast hits Edmund.
Edmund is almost dead.
Edmund is knocked back by the mystic blast.
* * * LOW HITPOINT WARNING * * *
Casting: Iskenderun's Mystic Blast (dangerous; 4% risk of failure)
Confirm with . or Enter, or press ? or * to list all spells.
You don't have enough health to cast this spell.
You fade into invisibility!
Edmund says, "I might not be good at magic, but I can still kill you!"
There is an open door here.
You see here an adder corpse.
There's nothing to close nearby.
The hound bites you.
You die...

...... #########..
......###.........#
.#).....+..........
.........#..........
..........##.........
..........##......!..
..........##.........
..........h@.....w...
..........@#....####.
.......>...#....#
#........#....#
#.###.######.... #
#§...○##<######
#.#.....##.#
#...._.....#
###.....#..#
#○...°####


You could see Edmund (unable to see you), a hound and a dart slug (unable to see
you).

Vanquished Creatures
  Robin (D:3)
  9 gnolls
  2 adders
  A shadow imp (D:3)
  A worm (D:3)
  2 dart slugs
  An orc (D:3)
  3 ball pythons (D:1)
  6 bats
  6 endoplasms
  2 giant cockroaches
  10 goblins
  6 hobgoblins
  5 jackals
  3 quokkas
  2 frilled lizards (D:2)
  2 kobolds
  8 rats
70 creatures vanquished.

Vanquished Creatures (others)
  2 fulminant prisms (D:4)
2 creatures vanquished.

Grand Total: 72 creatures vanquished

Notes
Turn   | Place    | Note
-------+----------+-------------------------------------------
     0 | D:1      | ders the Djinni Conjurer began the quest for the Orb.
     0 | D:1      | ders set off with the following spells memorised: Magic
                  | Dart, Searing Ray, Dazzling Flash, Fulminant Prism,
                  | Iskenderun's Mystic Blast.
     0 | D:1      | Reached XP level 1. HP: 15/15 MP: 0/0
   157 | D:1      | Reached XP level 2. HP: 17/21 MP: 0/0
   712 | D:2      | Reached XP level 3. HP: 4/25 MP: 0/0
   712 | D:2      | Learned a level 1 spell: Foxfire
   739 | D:1      | Reached skill level 4 in Spellcasting
   970 | D:2      | Reached XP level 4. HP: 29/31 MP: 0/0
  1030 | D:2      | Found Weaq's Antique Armour Shop.
  1545 | D:3      | Noticed Robin
  1599 | D:3      | Killed Robin
  1821 | D:3      | Reached XP level 5. HP: 28/35 MP: 0/0
  1821 | D:3      | Learned a level 2 spell: Lesser Beckoning
  2065 | D:3      | Reached skill level 5 in Spellcasting
  2325 | D:3      | Reached XP level 6. HP: 39/40 MP: 0/0
  2589 | D:4      | Noticed Edmund
  2605 | D:4      | Slain by a hound

Illustrated notes

Levels and vault maps discovered:
D:1:      ncdulo_halloftheorcs, layout_loops_cross
D:2:      layout_rooms, serial_shops, shop
D:3:      layout_loops_ring, uniq_robin
D:4:      layout_basic, nicolae_kikubaaqudgha_miasma_corner,
          kennysheep_little_box, serial_shops, shop_fountains,
          uniq_crazy_yiuf_cottage, uniq_edmund

Skill      XL: |  1  2  3  4  5 |
---------------+----------------+-----
Spellcasting   | 4 5 |  5.3
Dodging        | |  2.1
Stealth        | |  1.5

Action                     |  1- 3 |  4- 6 || total
---------------------------+-------+-------++-------
   Cast: Magic Dart        |    32 |    90 ||   122
         Searing Ray       |    10 |    11 ||    21
         Iskenderun's Myst |       |     6 ||     6
         Fulminant Prism   |       |     2 ||     2
    Use: Potion            |     1 |     1 ||     2
 Armour: Robe              |     2 |     2 ||     4
  Dodge: Dodged            |    10 |     7 ||    17

Table legend: (Time is in decaauts)
 A = Elapsed time spent in this place.
 B = Non-inter-level travel time spent in this place.
 C = Inter-level travel time spent in this place.
 D = Time resting spent in this place.
 E = Time spent auto-exploring this place.
 F = Levels seen in this place.
 G = Mean time per level.
                   A        B        C        D        E       F      G
               +--------+--------+--------+--------+--------+-----+--------+
         Total |   2605 |   2514 |     91 |    284 |   1934 |   4 |  651.2 |
       Dungeon |   2605 |   2514 |     91 |    284 |   1934 |   4 |  651.2 |
               +--------+--------+--------+--------+--------+-----+--------+

Top non-repeatable levels by time:
     D:3: 974 daAuts
     D:2: 843 daAuts
     D:1: 744 daAuts
     D:4: 43 daAuts
